 Dungeon Crawl Stone Soup version 0.23.0-3-gf3c87f2 (webtiles) character file.

Game seed: 2807486197394156303

56009 Faca the Severer (level 14, 0/138 HPs)
             Began as a Minotaur Berserker on Feb 21, 2019.
             Was the Champion of Trog.
             Slain by a seven-headed hydra (3 damage)
             ... summoned by a boggart
             ... while petrified by you
             ... on level 6 of the Lair of Beasts.
             The game lasted 00:49:28 (19669 turns).

Faca the Severer (Minotaur Berserker)              Turns: 19669, Time: 00:49:28

Health: 0/138      AC: 17    Str: 30    XL:     14   Next: 40%
Magic:  13/13      EV:  2    Int:  9    God:    Trog [******]
Gold:   1281       SH:  0    Dex: 12    Spells: 13/13 levels left

rFire    + . .     SeeInvis .   R - +0 battleaxe (flame)
rCold    + . .     Gourm    .   (shield currently unavailable)
rNeg     + + +     Faith    .   F - +5 ring mail "Unuefag" {Str+2}
rPois    ∞         Spirit   .   a - +0 hat {MR+}
rElec    .         Reflect  .   t - scarf {rC+ rF+}
rCorr    .         Harm     .   l - +1 pair of gloves
MR       ++...                  D - +0 pair of boots
Stlth    +.........             (no amulet)
HPRegen  0.33/turn              o - +3 ring of strength
MPRegen  0.13/turn              S - ring of the Disturbing Songs {rPois rN+ Int+5}

@: petrified
A: retaliatory headbutt, horns 2
a: Berserk, Trog's Hand, Brothers in Arms, Renounce Religion


You were on level 6 of the Lair of Beasts.
You worshipped Trog.
Trog was exalted by your worship.
You were not hungry.

You visited 2 branches of the dungeon, and saw 18 of its levels.
You also visited: Gauntlet.

You collected 1446 gold pieces.
You spent 165 gold pieces at shops.

Inventory:

Hand Weapons
 k - the +8 halberd "Syofyo" {chop, rElec rF+ Str+3 SInv}
   (You found it on level 5 of the Lair of Beasts)

   It inflicts extra damage upon your enemies.
   It affects your strength (+3).
   It protects you from fire.
   It insulates you from electricity.
   It lets you see invisible.
 w - a +5 antimagic executioner's axe
 N - the +10 morningstar "Eos" {elec, Halo rElec}
   (You took it off a minotaur in a Gauntlet)

   Occasionally, upon striking a foe, it will discharge some electrical energy
   and cause terrible harm.
   It insulates you from electricity.
 R - a +0 battleaxe of flaming (weapon)
Missiles
 A - 3 throwing nets
 I - 8 tomahawks of dispersal (quivered)
 L - 8 tomahawks of returning
 T - 18 javelins
Armour
 a - a +0 hat of magic resistance (worn)
 l - a +1 pair of gloves (worn)
 t - a scarf of resistance (worn)
 D - a +0 pair of boots (worn)
 F - the +5 ring mail "Unuefag" (worn) {Str+2}
   (You found it on level 8 of the Dungeon)

   It affects your strength (+2).
Jewellery
 e - an uncursed ring of protection from fire
 j - a +3 ring of dexterity
 o - a +3 ring of strength (left hand)
 Q - an uncursed ring of protection from magic
 S - the ring of the Disturbing Songs (right hand) {rPois rN+ Int+5}
   (You found it in a Gauntlet)

   [ring of positive energy]

   It affects your intelligence (+5).
   It protects you from poison.
   It protects you from negative energy.
Wands
 v - a wand of iceblast (32)
 J - a wand of paralysis (22)
 O - a wand of clouds (10)
Scrolls
 b - 2 scrolls of immolation
 f - 6 scrolls of remove curse
 n - 5 scrolls of fog
 r - 2 scrolls of enchant weapon
 u - a scroll of brand weapon {unknown}
 x - 5 scrolls of fear
 y - 4 scrolls of teleportation
 E - 2 scrolls of blinking
Potions
 d - a potion of cancellation
 g - 5 potions of flight
 h - a potion of berserk rage
 i - 8 potions of curing
 m - 4 potions of haste
 p - 2 potions of lignification
 s - a potion of mutation
 z - 3 potions of agility
 B - 2 potions of heal wounds
 C - a potion of ambrosia
 G - a potion of resistance
 H - 2 potions of brilliance
Comestibles
 c - 25 rations


   Skills:
 + Level 16.7 Fighting
 + Level 16.7 Axes
 + Level 12.9 Armour
 + Level 12.0 Dodging


You had 13 spell levels left.
You didn't know any spells.
Your spell library was empty.

Dungeon Overview and Level Annotations

Branches:
Dungeon (12/15)            Temple (0/1) D:5            Lair (6/6) D:8
  Swamp (0/4) Lair:2       Spider (0/4) Lair:2        Slime (0/5) Lair:5
    Orc (0/2) D:10

Altars:
Cheibriados
Fedhas
Gozag
Makhleb
Qazlal
Sif Muna
Trog
Vehumet
Wu Jian
Xom
The Shining One
Jiyva

Shops:
D:5 =   D:6 *   D:10 %

Annotations:
D:9 2 transporters, Nova322's ghost, novice FoFi
D:11 2 transporters, Aeroq's ghost, journeyman TeAE


Innate Abilities, Weirdness & Mutations

You reflexively headbutt those who attack you in melee.
You have a pair of horns on your head.


Message History

* * * LOW HITPOINT WARNING * * *
The seven-headed hydra bites you.
* * * LOW HITPOINT WARNING * * *
The seven-headed hydra bites you!
* * * LOW HITPOINT WARNING * * *
The seven-headed hydra bites you but does no damage. x2
You hear some strange, mumbled words.
The catoblepas gores you but does no damage.
The seven-headed hydra bites you but does no damage.
The seven-headed hydra bites you.
The seven-headed hydra bites you but does no damage.
The seven-headed hydra bites you!
* * * LOW HITPOINT WARNING * * *
The seven-headed hydra bites you but does no damage. x3
The catoblepas gores you!
* * * LOW HITPOINT WARNING * * *
A spriggan comes into view. It is wielding a +0 dagger of venom.
The spriggan shouts!
The seven-headed hydra bites you.
You die...

♣♣♣♣.♣♣♣...♣♣♣..♣♣♣♣
♣.....♣♣....♣...♣ ♣
♣.....♣♣........♣
♣8|...♣♣♣..♣♣...♣
♣[....♣ ♣♣♣♣♣..♣♣
♣♣....♣ ♣..♣♣ ♣....♣
♣..♣♣ ♣ ♣..♣♣♣
♣♣...♣ ♣ ♣♣@♣ ♣....♣
♣ ♣YD♣ ♣..♣♣♣.♣ ♣♣
♣i♣♣ ♣.. ♣.♣♣ ♣. ♣i♣
♣. ♣..♣♣♣.


hS♣ .. ♣♣..♣.. ♣..♣ ♣. ♣♣.... ♣i♣♣ ♣..... ♣. ♣♣...^ ♣♣ ♣.... You could see a
catoblepas, a seven-headed hydra, a water moccasin, a black bear and 3
spriggans.

Vanquished Creatures
  Rupert (Lair:3)
  Gastronok (Lair:1)
  A minotaur (Gauntlet)
  Josephine (D:10)
  6 hydras
  A catoblepas (Lair:2)
  2 two-headed ogres (D:11)
  2 death scarabs (Gauntlet)
  3 death yaks (Lair:4)
  Nergalle (Lair:2)
  Pikel (D:4)
  A necromancer (Lair:3)
  5 elephants (Lair:5)
  Maurice (D:10)
  4 black mambas
  12 spiny frogs
  A torpor snail (Lair:5)
  8 komodo dragons
  4 rime drakes
  2 trolls (D:9)
  3 jumping spiders (Lair:2)
  5 polar bears
  4 hornets
  A tyrant leech (Lair:2)
  15 blink frogs
  Grinder (D:5)
  7 dream sheep (Lair:4)
  8 hippogriffs
  Prince Ribbit (D:8)
  A spectral black mamba (Gauntlet)
  6 spriggans (Lair:6)
  A redback (Lair:2)
  Sigmund (D:5)
  3 shadows (Gauntlet)
  2 basilisks
  5 wraiths (D:10)
  13 yaks
  2 wyverns
  A hungry ghost (D:9)
  A spectral spiny frog (Gauntlet)
  2 swamp worms (Lair:2)
  3 wargs (D:8)
  13 water moccasins
  8 porcupines
  Duvessa (D:5)
  A hornet zombie (D:9)
  6 ice beasts
  4 sky beasts
  4 slaves
  A phantom (D:8)
  6 black bears
  An eye of draining (D:11)
  7 orc warriors
  3 boggarts (Lair:6)
  6 ogres
  3 elephant zombies (Lair:3)
  2 necrophages (D:9)
  46 wolves
  8 crocodiles
  6 centaurs
  4 big kobolds
  A komodo dragon zombie (Lair:3)
  Blork the orc (D:4)
  20 bullfrogs
  A gnoll sergeant (D:5)
  Dowan (D:5)
  2 scorpions
  4 wights (D:11)
  2 electric eels (Lair:3)
  4 howler monkeys
  4 crimson imps
  2 bullfrog zombies
  6 hounds
  2 centaur zombies (D:11)
  2 jellies (D:11)
  A basilisk zombie (Lair:3)
  5 orc priests
  2 bullfrog skeletons
  3 iguanas
  3 centaur skeletons
  6 worker ants
  18 orc wizards
  6 hell rats (Lair:6)
  A killer bee zombie (D:7)
  A crocodile zombie (Lair:3)
  A hound zombie (D:9)
  A howler monkey skeleton (D:10)
  14 adders
  7 gnolls
  4 shadow imps
  3 oozes (D:3)
  An adder skeleton (D:5)
  6 worms
  4 leopard geckos
  34 orcs
  6 bats
  2 giant cockroaches
  A hobgoblin (D:2)
  6 jackals
  24 kobolds
  6 quokkas
  A ball python (D:2)
  4 frilled lizards
  7 goblins
  A leopard gecko zombie (D:5)
  7 rats
  5 fungi
  4 plants
521 creatures vanquished.

Vanquished Creatures (others)
  9 fungi
  6 plants
15 creatures vanquished.

Grand Total: 536 creatures vanquished

Notes
Turn   | Place    | Note
-------+----------+-------------------------------------------
     0 | D:1      | Faca the Minotaur Berserker began the quest for the Orb.
     0 | D:1      | Reached XP level 1. HP: 19/19 MP: 0/0
    91 | D:1      | Reached XP level 2. HP: 23/27 MP: 1/1
   642 | D:2      | Reached XP level 3. HP: 32/34 MP: 2/2
  1009 | D:2      | Reached skill level 5 in Fighting
  1009 | D:2      | Reached skill level 5 in Axes
  1009 | D:2      | Reached XP level 4. HP: 37/42 MP: 3/3
  1149 | D:2      | Found a snail-covered altar of Cheibriados.
  1150 | D:2      | Reached ** piety under Trog
  1311 | D:3      | Reached XP level 5. HP: 28/48 MP: 4/4
  1712 | D:3      | Found a shimmering altar of Xom.
  2051 | D:4      | Noticed Blork the orc
  2072 | D:4      | Killed Blork the orc
  2072 | D:4      | Reached XP level 6. HP: 28/58 MP: 5/5
  2276 | D:4      | Noticed Pikel
  2292 | D:4      | Noticed a slave
  2293 | D:4      | Noticed a slave
  2296 | D:4      | Noticed a slave
  2296 | D:4      | Noticed a slave
  2301 | D:4      | Killed a slave
  2309 | D:4      | Killed a slave
  2330 | D:3      | Killed a slave
  2373 | D:3      | Killed a slave
  2560 | D:4      | Killed Pikel
  2560 | D:4      | Reached XP level 7. HP: 68/68 MP: 6/6
  2665 | D:4      | Found an opulent altar of Gozag.
  2714 | D:4      | Got a crude robe
  3055 | D:4      | Identified the +2 robe of the Solstice {rElec Int+2 Stlth-}
                  | (You found it on level 4 of the Dungeon)
  3111 | D:5      | Entered Level 5 of the Dungeon
  3111 | D:5      | Noticed Grinder
  3114 | D:5      | Noticed Sigmund
  3118 | D:5      | Killed Grinder
  3118 | D:5      | Reached XP level 8. HP: 77/77 MP: 7/7
  3255 | D:5      | Killed Sigmund
  3475 | D:5      | Found a staircase to the Ecumenical Temple.
  3492 | D:5      | Noticed Dowan
  3492 | D:5      | Noticed Duvessa
  3493 | D:5      | Found a stormy altar of Qazlal.
  3503 | D:5      | Killed Duvessa
  3505 | D:5      | Killed Dowan
  3533 | D:5      | Reached *** piety under Trog
  3533 | D:5      | Reached skill level 10 in Fighting
  3533 | D:5      | Reached skill level 10 in Axes
  3711 | D:5      | Found Pukawopp's Jewellery Boutique.
  3735 | D:5      | Bought a cursed ring of teleportation for 63 gold pieces
  3798 | D:5      | Got a crude mace
  4007 | D:5      | Identified the +10 mace of Ukayroys {freeze, *Noise Int+3}
                  | (You found it on level 5 of the Dungeon)
  4252 | D:6      | Found Likeibem's Assorted Antiques.
  4259 | D:6      | Bought a grey potion for 24 gold pieces
  4259 | D:6      | Bought a scroll labeled PEHYAT PUURAFI for 27 gold pieces
  4259 | D:6      | Bought a scroll labeled FOCSASU UHITZA for 27 gold pieces
  4259 | D:6      | Bought a purple potion for 24 gold pieces
  4767 | D:7      | Reached XP level 9. HP: 77/86 MP: 8/8
  4834 | D:7      | Found a glowing golden altar of the Shining One.
  4834 | D:7      | Found a radiant altar of Vehumet.
  5208 | D:7      | Found a burning altar of Makhleb.
  5377 | D:7      | Reached **** piety under Trog
  5972 | D:8      | Got a faintly humming ring mail
  5983 | D:8      | Identified the +5 ring mail "Unuefag" {Str+2} (You found it
                  | on level 8 of the Dungeon)
  6240 | D:8      | Found a staircase to the Lair.
  6532 | D:8      | Noticed Prince Ribbit
  6543 | D:8      | Killed Prince Ribbit
  6543 | D:8      | Reached XP level 10. HP: 82/97 MP: 9/9
  6582 | D:8      | Found a blossoming altar of Fedhas.
  6583 | D:8      | Found a bloodstained altar of Trog.
  6866 | D:9      | Found a transporter.
  6876 | D:9      | Found a deep blue altar of Sif Muna.
  6896 | D:9      | Noticed Nova322's ghost (novice FoFi)
  6897 | D:9      | Noticed a six-headed hydra
  6898 | D:9      | Noticed a moth of wrath
  7059 | D:9      | Found an ornate altar of the Wu Jian Council.
  7685 | D:9      | Found a transporter.
  7832 | D:10     | Entered Level 10 of the Dungeon
  7832 | D:10     | Found Gaxt's Food Boutique.
  7838 | D:10     | Reached skill level 5 in Armour
  7846 | D:10     | Reached ***** piety under Trog
  8065 | D:10     | Reached skill level 5 in Dodging
  8065 | D:10     | Identified the +1 leather armour of Boredom {rN+ Int+2}
  8193 | D:10     | Found a staircase to the Orcish Mines.
  8286 | D:10     | Noticed Maurice
  8296 | D:10     | Killed Maurice
  8334 | D:10     | Received a gift from Trog
  8452 | D:10     | Reached XP level 11. HP: 107/107 MP: 10/10
  8584 | D:10     | Noticed Josephine
  8597 | D:10     | Killed Josephine
  9001 | D:11     | Noticed a two-headed ogre
  9011 | D:11     | Killed a two-headed ogre
  9252 | D:11     | Found a transporter.
  9254 | D:11     | Found a transporter.
  9255 | D:11     | Noticed Aeroq's ghost (journeyman TeAE)
  9624 | D:11     | Received a gift from Trog
  9696 | D:11     | Noticed a two-headed ogre
  9702 | D:11     | Killed a two-headed ogre
 10017 | D:12     | Noticed a purple ugly thing
 10017 | D:12     | Noticed a green ugly thing
 10017 | D:12     | Noticed a two-headed ogre
 10104 | Lair:1   | Entered Level 1 of the Lair of Beasts
 10494 | Lair:1   | Noticed Gastronok
 10537 | Lair:1   | Killed Gastronok
 10672 | Lair:1   | Reached XP level 12. HP: 110/117 MP: 11/11
 11547 | Lair:2   | Received a gift from Trog
 11623 | Lair:2   | Noticed a six-headed hydra
 11646 | Lair:2   | Killed a six-headed hydra
 11660 | Lair:2   | Reached skill level 10 in Armour
 12043 | Lair:2   | Reached skill level 15 in Axes
 12049 | Lair:2   | Reached skill level 15 in Fighting
 12071 | Lair:2   | Noticed a five-headed hydra
 12100 | Lair:2   | Killed a five-headed hydra
 12108 | Lair:2   | Found a hole to the Spider Nest.
 12692 | Lair:2   | Found a staircase to the Swamp.
 12891 | Lair:2   | Noticed Nergalle
 12906 | Lair:2   | Killed Nergalle
 13083 | Lair:2   | Noticed a catoblepas
 13112 | Lair:2   | Killed a catoblepas
 13112 | Lair:2   | Reached XP level 13. HP: 47/127 MP: 12/12
 13782 | Lair:3   | Reached skill level 10 in Dodging
 14025 | Lair:3   | Noticed Rupert
 14034 | Lair:3   | Killed Rupert
 14983 | Lair:4   | Found a gate leading to a gauntlet.
 15035 | Gauntlet | Entered a Gauntlet
 15035 | Gauntlet | Found a transporter.
 15194 | Gauntlet | Found a transporter.
 15211 | Gauntlet | Found a transporter.
 15217 | Gauntlet | Found a runed translucent gate.
 15217 | Gauntlet | Found a runed translucent gate.
 15217 | Gauntlet | Found a runed translucent gate.
 15220 | Gauntlet | Found a transporter.
 15236 | Gauntlet | Found a transporter.
 15246 | Gauntlet | Found a transporter.
 15256 | Gauntlet | Found a transporter.
 15271 | Gauntlet | Found a transporter.
 15280 | Gauntlet | Found a transporter.
 15282 | Gauntlet | Found a transporter.
 15296 | Gauntlet | Found a transporter.
 15351 | Gauntlet | Found a transporter.
 15351 | Gauntlet | Found a transporter.
 15353 | Gauntlet | Found a transporter.
 15622 | Gauntlet | Got a faintly glowing granite ring
 15741 | Gauntlet | Identified the ring of the Disturbing Songs {rPois rN+
                  | Int+5} (You found it in a Gauntlet)
 15761 | Gauntlet | Identified the ring "Vok Doy" {*Tele +Inv Str+4}
 15761 | Gauntlet | Noticed a minotaur
 15770 | Gauntlet | Killed a minotaur
 17011 | Lair:5   | Reached ****** piety under Trog
 17107 | Lair:5   | Found a runed translucent door.
 17612 | Lair:5   | Reached XP level 14. HP: 129/137 MP: 13/13
 17814 | Lair:5   | Found a viscous altar of Jiyva.
 17815 | Lair:5   | Found a staircase to the Slime Pits.
 18274 | Lair:5   | Got a twisted halberd
 18275 | Lair:5   | Identified the +8 halberd "Syofyo" {chop, rElec rF+ Str+3
                  | SInv} (You found it on level 5 of the Lair of Beasts)
 18305 | Lair:6   | Entered Level 6 of the Lair of Beasts
 19111 | Lair:6   | Received a gift from Trog
 19668 | Lair:6   | HP: 3/138 [catoblepas[a boggart] (7)]
 19669 | Lair:6   | Slain by a seven-headed hydra

Skill      XL: |  1  2  3  4  5  6  7  8  9 10 11 12 13 14 |
---------------+-------------------------------------------+-----
Fighting       | 4 5 6 8 10 12 13 14 15 16 | 16.7
Axes           | 4 5 6 8 10 12 13 14 15 16 | 16.7
Armour         | 3 6 8 10 12 | 12.9
Dodging        | 5 7 9 11 12 | 12.0

Action                   |  1- 3 |  4- 6 |  7- 9 | 10-12 | 13-15 || total
-------------------------+-------+-------+-------+-------+-------++-------
Melee: Hand axe          |    51 |    33 |       |       |       ||    84
       Headbutt          |     9 |    21 |    43 |   156 |   138 ||   367
       War axe           |       |    75 |   220 |   560 |    60 ||   915
       Morningstar       |       |       |       |    13 |       ||    13
       Battleaxe         |       |       |       |       |   337 ||   337
Invok: Trog's Hand       |       |     2 |       |       |       ||     2
       Berserk           |       |     1 |     2 |     2 |     3 ||     8
Evoke: Wand              |       |       |       |     4 |       ||     4
  Use: Scroll            |       |       |    18 |     6 |     5 ||    29
       Potion            |       |       |       |     5 |       ||     5
  Eat: Chunk             |       |     4 |    10 |    17 |    10 ||    41
       Ration            |       |     1 |     1 |     2 |     4 ||     8
Armor: Ring mail         |    12 |    33 |    30 |   202 |   191 ||   468
       Robe              |       |       |    30 |       |       ||    30
       Chain mail        |       |       |    16 |       |       ||    16
Dodge: Dodged            |    29 |    66 |   130 |   367 |   336 ||   928
       Deflected         |     1 |     3 |     8 |     6 |       ||    18
